 Dungeon Crawl Stone Soup version 0.23.2 (webtiles) character file.

Game seed: 14966054956761228862

3939 Kinoniko the Fighter (level 10, -5/106 HPs)
             Began as an Ogre Fighter on Apr 4, 2019.
             Was an Initiate of Gozag.
             Slain by an orc warrior
             ... wielding a +0 flail
              (26 damage)
             ... on level 7 of the Dungeon.
             The game lasted 00:47:33 (9048 turns).

Kinoniko the Fighter (Ogre Fighter)                 Turns: 9048, Time: 00:47:39

Health: -5/106     AC:  2    Str: 30    XL:     10   Next: 21%
Magic:  19/19      EV: 11    Int:  9    God:    Gozag
Gold:   582        SH: 11    Dex:  8    Spells: 9/9 levels left

rFire    . . .     SeeInvis .   x - +2 whip (flame)
rCold    + . .     Gourm    .   c - +1 shield
rNeg     . . .     Faith    .   t - +1 robe of Forking Paths {rC+ Slay+3} (curse)
rPois    .         Spirit   .   (helmet restricted)
rElec    +         Reflect  .   g - +1 cloak
rCorr    .         Harm     .   (gloves unavailable)
MR       +....                  (boots unavailable)
Stlth    +.........             (no amulet)
HPRegen  0.27/turn              q - ring of magical power
MPRegen  0.16/turn              o - ring of wizardry

@: mighty, corroded, gold aura, lightly drained
A: large, unfitting armour, blink, deterioration 1, electricity resistance,
tough skin 1
a: Blink, Potion Petition, Call Merchant, Bribe Branch, Renounce Religion


You were on level 7 of the Dungeon.
You worshipped Gozag.
Gozag was pleased with you.
You were hungry.

You visited 1 branch of the dungeon, and saw 7 of its levels.

You collected 1032 gold pieces.
You spent 410 gold pieces at shops.
You paid 40 gold pieces to Gozag.

Inventory:

Hand Weapons
 a - a +0 flail
 j - a +2 vampiric spear
 s - a +4 short sword of protection
 u - a +3 war axe
 x - a +2 whip of flaming (weapon)
 B - a +0 morningstar
 D - a +3 quarterstaff of chaos
Armour
 b - a +1 robe
 c - a +1 shield (worn)
 g - a +1 cloak (worn)
 k - a +2 helmet
 m - a scarf of resistance
 t - the cursed +1 robe of Forking Paths (worn) {rC+ Slay+3}
   (You bought it in a shop on level 5 of the Dungeon)

   It affects your accuracy and damage with ranged weapons and melee attacks
   (+3).
   It protects you from cold.
   It has a curse placed upon it.
 E - a +0 cloak of invisibility
Jewellery
 o - a ring of wizardry (right hand)
 q - a ring of magical power (left hand)
Wands
 w - a wand of iceblast (7)
 y - a wand of flame (6)
 C - a wand of digging (6)
Scrolls
 h - a scroll of identify
 r - a scroll of enchant weapon {unknown}
 A - a scroll of amnesia
Potions
 d - a potion of might
 e - a potion of brilliance
 l - a potion of flight
 n - a potion of lignification
 v - a potion of ambrosia
Comestibles
 f - 5 rations


   Skills:
 + Level 8.7 Fighting
 + Level 6.9(6.8) Maces & Flails
 - Level 3.1 Polearms
 + Level 2.8 Armour
 + Level 7.1 Dodging
 - Level 0.6 Stealth
 + Level 6.4 Shields
 - Level 0.2 Unarmed Combat


You had 9 spell levels left.
You didn't know any spells.
Your spell library was empty.

Dungeon Overview and Level Annotations

Branches:
Dungeon (7/15)             Temple (0/1) D:4

Altars:
Fedhas
Gozag
Kikubaaqudgha
Okawaru
Xom

Shops:
D:4 }   D:5 [


Innate Abilities, Weirdness & Mutations

You are too large for most types of armour.
You have tough skin. (AC +1)
You can translocate small distances at will.
Your body sometimes deteriorates upon taking damage.
You are resistant to electric shocks. (rElec)


Message History

You block the orc priest's attack.
You hit the orc. You burn the orc.
The orc is severely wounded.
You block the orc's attack.
You hit the orc. You burn the orc.
You kill the orc!
The orc priest hits you but does no damage.
You hit the orc warrior. You burn the orc warrior.
The orc warrior is lightly wounded.
The orc warrior hits you with a +0 flail!
* * * LOW HITPOINT WARNING * * *
You block the orc priest's attack.
You closely miss the orc warrior.
The orc warrior is lightly wounded.
The orc wizard gestures wildly while chanting.
The orc wizard flickers and vanishes!
Deactivating autopickup; reactivate with Ctrl-A.
The orc warrior hits you with a +0 flail!!
You die...
Your body crumbles into a pile of gold.

......# #.#.#.
.......# #.#.#.
.......# #.#.#. # #.#
#..# #.#.#. #. #.#
#.>####'#<#. #.##.##
#.# #...(.(()[..
#..... #.#
#...(.......
#...###o###..(.......#
#$@o{.##.(........#
#.###o..).[..[.....#
... #.###..........#
#.## #.# #..........#
#. #.###..........# #
#..............#
#..############# #..#
$ #..#


You could see an orc warrior, an orc priest and an orc wizard.

Vanquished Creatures
  A two-headed ogre (D:7)
  Pikel (D:5)
  3 hippogriffs (D:7)
  Edmund (D:6)
  An acid dragon (D:7)
  A water moccasin (D:5)
  An ice beast (D:5)
  A phantom (D:7)
  A sky beast (D:5)
  An ogre (D:6)
  A centaur (D:7)
  Blork the orc (D:5)
  A gnoll sergeant (D:7)
  A scorpion (D:4)
  3 killer bees (D:7)
  7 wights (D:7)
  2 howler monkeys
  2 crimson imps
  A hound (D:6)
  Crazy Yiuf (D:6)
  2 bullfrog skeletons
  A jelly (D:7)
  5 orc priests
  Natasha (thrice) (D:3)
  3 worker ants
  4 orc wizards
  8 gnolls
  8 adders
  A howler monkey skeleton (D:5)
  An adder zombie (D:6)
  2 worms (D:2)
  3 dart slugs
  9 leopard geckos
  13 orcs
  7 bats
  6 giant cockroaches
  4 goblins
  9 hobgoblins
  9 jackals
  4 kobolds
  3 quokkas
  2 ball pythons (D:3)
  5 frilled lizards
  A jackal skeleton (D:7)
  A quokka skeleton (D:5)
  3 rats
149 creatures vanquished.

Notes
Turn   | Place    | Note
-------+----------+-------------------------------------------
     0 | D:1      | Kinoniko the Ogre Fighter began the quest for the Orb.
     0 | D:1      | Reached XP level 1. HP: 24/24 MP: 1/1
   284 | D:1      | Reached XP level 2. HP: 30/32 MP: 2/2
   773 | D:1      | Found a shimmering altar of Xom.
  1330 | D:2      | Reached XP level 3. HP: 35/39 MP: 3/3
  1658 | D:2      | Found an iron altar of Okawaru.
  1803 | D:2      | Found an ancient bone altar of Kikubaaqudgha.
  1917 | D:2      | Reached XP level 4. HP: 44/49 MP: 4/4
  2178 | D:3      | Found a blossoming altar of Fedhas.
  2388 | D:3      | Reached XP level 5. HP: 24/55 MP: 5/5
  2391 | D:3      | HP: 1/55 [hobgoblin/+0 club (4)]
  2786 | D:3      | Reached skill level 5 in Fighting
  3182 | D:3      | Found an opulent altar of Gozag.
  3194 | D:3      | Became a worshipper of Gozag Ym Sagoz the Greedy
  3354 | D:3      | Noticed Natasha
  3375 | D:3      | Killed Natasha
  3379 | D:3      | Found a faded altar of an unknown god.
  3395 | D:3      | Noticed Natasha
  3406 | D:3      | Killed Natasha
  3406 | D:3      | Reached XP level 6. HP: 49/66 MP: 6/6
  3457 | D:3      | Noticed Natasha
  3469 | D:3      | Killed Natasha
  4184 | D:4      | Found Rul Tim's Gadget Shoppe.
  4196 | D:4      | Gained mutation: You are partially covered in large bone
                  | plates. (SH +4) [potion of mutation]
  4196 | D:4      | Gained mutation: Your mind is acute. (Int +2) [potion of
                  | mutation]
  4197 | D:4      | Lost mutation: Your mind is acute. (Int +2) [potion of
                  | mutation]
  4197 | D:4      | Lost mutation: You are partially covered in large bone
                  | plates. (SH +4) [potion of mutation]
  4197 | D:4      | Gained mutation: You evolve. [potion of mutation]
  4197 | D:4      | Gained mutation: You are resistant to electric shocks.
                  | (rElec) [potion of mutation]
  4197 | D:4      | Gained mutation: You are clumsy. (Dex -2) [potion of
                  | mutation]
  4197 | D:4      | Gained mutation: Your mind is acute. (Int +2) [potion of
                  | mutation]
  4420 | D:4      | Found a staircase to the Ecumenical Temple.
  4620 | D:4      | Reached XP level 7. HP: 48/74 MP: 7/7
  4896 | D:5      | Entered Level 5 of the Dungeon
  4921 | D:5      | Reached skill level 6 in Fighting
  5294 | D:5      | Found Plog's Armour Shop.
  5307 | D:5      | Bought the cursed +1 robe of Forking Paths {rC+ Slay+3} for
                  | 410 gold pieces
  5528 | D:5      | Noticed Pikel
  5555 | D:5      | Killed Pikel
  5555 | D:5      | Reached skill level 1 in Armour
  5555 | D:5      | Reached XP level 8. HP: 39/84 MP: 8/8
  5765 | D:5      | Lost mutation: You are clumsy. (Dex -2) [evolution]
  5787 | D:5      | Reached skill level 5 in Dodging
  6272 | D:5      | Noticed Blork the orc
  6281 | D:5      | Killed Blork the orc
  6373 | D:6      | Noticed Edmund
  6396 | D:6      | Killed Edmund
  6396 | D:6      | Reached skill level 7 in Fighting
  6797 | D:5      | HP: 6/130 [leopard gecko (3)]
  7162 | D:6      | Reached skill level 5 in Shields
  7176 | D:6      | Reached XP level 9. HP: 76/93 MP: 9/9
  7236 | D:6      | Lost mutation: Your mind is acute. (Int +2) [potion of
                  | mutation]
  7236 | D:6      | Lost mutation: You evolve. [potion of mutation]
  7236 | D:6      | Gained mutation: Your body sometimes deteriorates upon
                  | taking damage. [potion of mutation]
  7236 | D:6      | Gained mutation: You can translocate small distances at
                  | will. [potion of mutation]
  7679 | D:6      | Found a runed translucent door.
  7680 | D:6      | Noticed Crazy Yiuf
  7688 | D:6      | Killed Crazy Yiuf
  8092 | D:7      | Reached skill level 5 in Maces & Flails
  8323 | D:7      | Noticed a two-headed ogre
  8336 | D:7      | Reached skill level 8 in Fighting
  8964 | D:7      | Killed a two-headed ogre
  8964 | D:7      | Reached XP level 10. HP: 69/106 MP: 10/10
  9042 | D:7      | Identified the +5 spear "Ushomahe" {speed, *Rage MR++ Str+2
                  | Stlth+}
  9048 | D:7      | Slain by an orc warrior

Skill      XL: |  1  2  3  4  5  6  7  8  9 |
---------------+----------------------------+-----
Shields        | 3 4 5 6 |  6.4
Maces & Flails | 2 3 4 6 |  6.9
Dodging        | 3 4 5 7 |  7.1
Fighting       | 5 6 7 8 |  8.7
Polearms       | 2 3 |  3.1
Armour         | 1 2 |  2.8
Stealth        | |  0.6
Unarmed Combat | |  0.2

Action                   |  1- 3 |  4- 6 |  7- 9 | 10-12 || total
-------------------------+-------+-------+-------+-------++-------
Melee: Flail             |   121 |   189 |    98 |       ||   408
       Unarmed           |       |    35 |       |       ||    35
       Spear             |       |       |    29 |       ||    29
       Whip              |       |       |   217 |    37 ||   254
Invok: Potion Petition   |       |       |     1 |       ||     1
  Use: Scroll            |       |    11 |     7 |       ||    18
       Potion            |       |     3 |    10 |     1 ||    14
 Stab: Sleeping          |     1 |     1 |       |       ||     2
       Distracted        |       |       |     1 |       ||     1
  Eat: Ration            |     1 |     3 |     5 |       ||     9
Armor: Robe              |    40 |    60 |    64 |     3 ||   167
       Skin              |       |     1 |     5 |       ||     6
Dodge: Dodged            |    51 |   104 |   102 |    12 ||   269
Block: Shield            |    52 |   106 |   162 |    10 ||   330
